 Dungeon Crawl Stone Soup version 0.30-a0-652-gcc886f7154 (webtiles) character file.

Game seed: 3701295414242393642

50277 wormed the Unseen (level 14, -8/92 HPs)
             Began as a Kobold Delver on Jan 17, 2023.
             Was a High Priest of Uskayaw.
             Shot with an arrow by a centaur warrior (23 damage)
             ... on level 12 of the Dungeon.
             The game lasted 00:24:47 (21583 turns).

wormed the Unseen (Kobold Delver)                  Turns: 21583, Time: 00:24:47

Health: -8/92      AC:  1    Str:  9    XL:     14   Next: 96%
Magic:  23/23      EV: 24    Int: 16    God:    Uskayaw [*****.]
Gold:   637        SH: 10    Dex: 21    Spells: 13/13 levels left

rFire   + + .      SeeInvis .    M - +3 dagger (venom)
rCold   + . .      Faith    +    U - +3 buckler of Vilih Cife {rElec rPois Int+4}
rNeg    . . .      Spirit   .    L - +1 leather armour of the Ten Orbs {rElec rF+ rC+}
rPois   +          Reflect  .    d - +0 helmet
rElec   +          Harm     .    (no cloak)
rCorr   .          Rampage  .    A - +2 pair of gloves
Will    +....                    P - +0 pair of boots
Stlth   +++++++                  y - amulet of faith
HPRegen 0.35/turn                r - +4 ring of slaying
MPRegen 0.18/turn                j - ring of protection from fire

@: corroded
A: small, no large weapons, nightstalker 3
a: Renounce Religion, Stomp, Line Pass, Grand Finale


You were on level 12 of the Dungeon.
You worshipped Uskayaw.
Uskayaw was pleased with you.
You visited 3 branches of the dungeon, and saw 18 of its levels.

You collected 1127 gold pieces.
You spent 490 gold pieces at shops.

Inventory:

Hand Weapons
 a - a +1 short sword of freezing
 M - a +3 dagger of venom (weapon)
Missiles
 u - 2 throwing nets
 B - 37 poisoned darts
 R - 5 curare-tipped darts
Armour
 d - a +0 helmet (worn)
 n - a +0 troll leather armour
 A - a +2 pair of gloves (worn)
 L - the +1 leather armour of the Ten Orbs (worn) {rElec rF+ rC+}
   (You bought it in a shop on level 7 of the Dungeon)

   rF:        It protects you from fire.
   rC:        It protects you from cold.
   rElec:     It insulates you from electricity.
 P - a +0 pair of boots (worn)
 U - the +3 buckler of Vilih Cife (worn) {rElec rPois Int+4}
   (You found it on level 5 of the Lair of Beasts)

   Int:       It affects your intelligence (+4).
   rElec:     It insulates you from electricity.
   rPois:     It protects you from poison.
Jewellery
 e - a ring of fire
 j - a ring of protection from fire (right hand)
 l - a +6 ring of intelligence
 p - a +6 ring of strength
 r - a +4 ring of slaying (left hand)
 x - an amulet of the acrobat
 y - an amulet of faith (around neck)
 E - a ring of resist corrosion
 N - a ring of wizardry
Wands
 b - a wand of quicksilver (8)
 g - a wand of digging (9)
 o - a wand of flame (21) (quivered)
 G - a wand of paralysis (11)
 V - a wand of iceblast (4)
 W - a wand of polymorph (3)
Scrolls
 c - 5 scrolls of fog
 f - 7 scrolls of teleportation
 h - 4 scrolls of enchant weapon
 i - 3 scrolls of vulnerability
 k - 2 scrolls of blinking
 v - 5 scrolls of amnesia
 C - 2 scrolls of silence
 J - 2 scrolls of enchant armour
 K - 2 scrolls of brand weapon
 T - 3 scrolls of magic mapping
Potions
 m - 9 potions of brilliance
 q - 3 potions of lignification
 s - 2 potions of magic
 t - 2 potions of cancellation
 w - 10 potions of curing
 z - 3 potions of haste
 D - 3 potions of berserk rage
 F - 6 potions of heal wounds
 H - 5 potions of flight
 I - 3 potions of might
 O - a potion of resistance
 Q - 2 potions of attraction
 S - 2 potions of mutation {unknown}


   Skills:
 + Level 12.4 Fighting
 - Level 10.0 Short Blades
 + Level 13.3 Dodging
 + Level 16.4 Stealth
 + Level 8.9 Shields
 + Level 12.0 Invocations


You had 13 spell levels left.
You didn't know any spells.
Your spell library contained the following spells:

 Spells                   Type           Power      Damage    Failure   Level
 Kiss of Death            Conj/Necr      0%         2d5       43%         1
 Slow                     Hex            0%         N/A       43%         1
 Sublimation of Blood     Necr           0%         N/A       58%         2
 Wereblood                Tmut           0%         N/A       58%         2
 Confusing Touch          Hex            0%         N/A       82%         3
 Tukima's Dance           Hex            0%         N/A       82%         3
 Vampiric Draining        Necr           0%         2d6       82%         3
 Dispel Undead            Necr           0%         3d6       99%         4
 Leda's Liquefaction      Hex/Erth       0%         N/A       99%         4
 Manifold Assault         Tloc           0%         N/A       99%         4
 Passage of Golubria      Tloc           0%         N/A       99%         4
 Summon Lightning Spire   Summ/Air       0%         N/A       99%         4
 Fireball                 Conj/Fire      0%         3d3       100%        5
 Iskenderun's Battlesphe  Conj           0%         2d6       100%        5
 Lee's Rapid Deconstruct  Erth           0%         3d4*      100%        5
 Yara's Violent Unravell  Hex/Tmut       0%         3d3       100%        5
 Conjure Ball Lightning   Conj/Air       0%         3x3d6     100%        6
 Dispersal                Tloc           0%         N/A       100%        6
 Statue Form              Tmut/Erth      0%         N/A       100%        6
 Orb of Destruction       Conj           0%         9d5       100%        7
 Storm Form               Tmut/Air       0%         N/A       100%        7
 Summon Hydra             Summ           0%         N/A       100%        7
 Disjunction              Tloc           0%         N/A       100%        8
 Maxwell's Capacitive Co  Air            0%         ∞         100%        8


Dungeon Overview and Level Annotations

Branches:
Dungeon (12/15)            Temple (1/1) D:5            Lair (5/5) D:9
 Shoals (0/4) Lair:3       Spider (0/4) Lair:2        Slime (0/5) Lair:5
    Orc (0/2) D:10

Altars:
Ashenzari
Cheibriados
Dithmenos
Elyvilon
Fedhas
Gozag
Hepliaklqana
Nemelex Xobeh
Qazlal
Ru
Sif Muna
Trog
Uskayaw
Vehumet
Wu Jian
Xom
Yredelemnul
Zin
The Shining One

Shops:
D:6 (   D:7 [*

Annotations:
D:5 bmack86's ghost, novice MiFi; wormed's ghost, weakling KoDe
D:6 2 runed translucent doors, flotson's ghost, novice DsDe
Lair:2 2 transporters
Lair:5 1 runed translucent door


Innate Abilities, Weirdness & Mutations

You are small and have problems with some larger weapons.
You are completely attuned to the shadows.


Message History

You hit the gargoyle.
The gargoyle is lightly damaged.
You hit the gargoyle but do no damage.
The gargoyle is lightly damaged.
The acid dragon completely misses you. The acid dragon misses you.
The gargoyle hurls a stone arrow at you.
The stone arrow hits you!!
You are too injured to fight recklessly!
You hit the acid dragon but do no damage.
You block the acid dragon's attack. x2
You barely miss the acid dragon.
Uskayaw prepares the audience for your solo!
The helpless acid dragon fails to defend itself.
You stick the acid dragon like a pincushion!!!!
You kill the acid dragon!
The gargoyle is no longer paralysed.
The gargoyle hurls a stone arrow at you.
You block the stone arrow.
You see here an acid dragon corpse.
You hit the gargoyle but do no damage.
The gargoyle is lightly damaged.
You hit the gargoyle but do no damage.
The gargoyle is lightly damaged.
The gargoyle completely misses you.
Aiming: Grand Finale
Press: ? - help, Shift-Dir - straight line, f - gargoyle
Aim: a gargoyle, wielding a +0 mace (lightly damaged)
You fail to use your ability.
The gargoyle hits you with a +0 mace!!
* * * LOW HITPOINT WARNING * * *
Aiming: Grand Finale
Press: ? - help, Shift-Dir - straight line, f/p - gargoyle
Aim: a gargoyle, wielding a +0 mace (lightly damaged)
You fail to use your ability.
A centaur warrior comes into view.
It is wielding a +1 morningstar of protection.
The gargoyle barely misses you.
A basilisk comes into view.
The centaur warrior unwields a +1 morningstar of protection.
The centaur warrior wields a +0 shortbow.
The centaur warrior shoots an arrow.
The arrow hits you!!
You die...

..........#
.......#
.###.####.#..
##...#
#.##...#..##...#.#
#.##.#.#..#.).#[#.#
#.#....#.(..c#.#.##
#...#..#....#.#.##
##...##...#.#|##
##.###9.#.#.##
##..>##@#.#.##
#......#l####
..^......#.#
##......#.##
##....#.#.#
##.###..#.


You could see a centaur warrior, a basilisk (wandering) and a gargoyle.

Vanquished Creatures
  2 hydras (Lair:5)
  Harold (D:10)
  Erolcha (D:11)
  4 two-headed ogres
  6 death yaks
  Sonja (Lair:2)
  Amaemon (Lair:3)
  A lindwurm (Lair:5)
  An ugly thing (D:12)
  2 manticores (D:11)
  An oklob plant (Lair:1)
  A wolf spider (Lair:5)
  8 elephants
  7 black mambas
  An orange demon (Lair:3)
  A gargoyle (D:12)
  A torpor snail (Lair:4)
  An unseen horror (D:10)
  3 rime drakes
  A kobold demonologist (D:10)
  14 cane toads
  4 komodo dragons
  3 tengu conjurers (D:8)
  2 trolls
  3 polar bears
  2 hornets (Lair:5)
  Grinder (D:4)
  22 blink frogs
  A snapping turtle (Lair:3)
  2 slime creatures (D:12)
  A wraith (D:8)
  14 wyverns
  2 basilisks (Lair:3)
  57 yaks
  A steam dragon (D:8)
  8 vampire mosquitoes
  Menkaure (D:7)
  Edmund (D:6)
  Duvessa (D:4)
  3 acid dragons
  23 water moccasins
  6 black bears
  2 orc warriors (D:9)
  3 ogres
  8 wolves
  4 boggarts (Lair:5)
  6 centaurs
  7 bullfrogs
  5 kobold brigands
  2 necrophages (D:4)
  3 wights (D:10)
  Dowan (D:4)
  A killer bee (D:9)
  A howler monkey (D:7)
  3 electric eels
  A vampire bat (Lair:2)
  3 hounds (D:4)
  4 orc priests
  2 gnoll boudas
  Jessica (D:2)
  Natasha (thrice) (D:4)
  5 iguanas
  8 orc wizards
  9 hell rats
  3 gnolls (D:8)
  4 adders
  3 shadow imps (D:6)
  2 white imps (D:6)
  3 ufetubi
  3 worms
  A dart slug (D:2)
  31 orcs
  7 bats
  3 endoplasms
  2 giant cockroaches (D:2)
  8 goblins
  6 hobgoblins
  6 jackals (D:5)
  A quokka (D:4)
  6 ball pythons
  A frilled lizard (D:3)
  18 kobolds
  2 rats
409 creatures vanquished.

Vanquished Creatures (others)
  5 demonic plants (D:6)
  40 fungi
  61 plants
  3 toadstools (D:3)
109 creatures vanquished.

Grand Total: 518 creatures vanquished

Notes
Turn   | Place    | Note
-------+----------+-------------------------------------------
     0 | D:5      | wormed the Kobold Delver began the quest for the Orb.
     0 | D:5      | Reached XP level 1. HP: 14/14 MP: 1/1
     5 | D:5      | Found a runed translucent gate.
     5 | D:5      | Found a runed translucent gate.
     5 | D:5      | Noticed a centaur
    11 | D:5      | Killed a centaur
    12 | D:5      | Reached skill level 7 in Stealth
    12 | D:5      | Reached XP level 2. HP: 17/20 MP: 2/2
    12 | D:5      | Reached XP level 3. HP: 21/24 MP: 3/3
    12 | D:5      | Reached XP level 4. HP: 25/29 MP: 4/4
   214 | D:5      | Reached XP level 5. HP: 33/33 MP: 5/5
   300 | D:4      | Noticed an ogre
   306 | D:4      | Killed an ogre
   307 | D:4      | Reached skill level 5 in Short Blades
   307 | D:4      | Reached XP level 6. HP: 38/38 MP: 6/6
   628 | D:3      | Found a faded altar of an unknown god.
  2558 | D:2      | Found a basalt altar of Yredelemnul.
  2697 | D:2      | Noticed Jessica
  2701 | D:2      | Killed Jessica
  3540 | D:4      | Reached XP level 7. HP: 43/44 MP: 7/7
  3788 | D:4      | Reached skill level 8 in Stealth
  3788 | D:4      | Reached skill level 1 in Shields
  3901 | D:4      | Noticed Natasha
  3907 | D:4      | Killed Natasha
  4073 | D:4      | Noticed Duvessa
  4076 | D:4      | Noticed Dowan
  4077 | D:4      | Killed Duvessa
  4078 | D:4      | Reached skill level 5 in Fighting
  4086 | D:4      | Killed Dowan
  4219 | D:4      | Reached XP level 8. HP: 49/49 MP: 8/8
  4307 | D:4      | Noticed Natasha
  4317 | D:4      | Killed Natasha
  4404 | D:4      | Reached skill level 5 in Dodging
  4594 | D:4      | Noticed Natasha
  4601 | D:4      | Killed Natasha
  4653 | D:4      | Noticed Grinder
  4657 | D:4      | Killed Grinder
  5012 | D:5      | Found a runed translucent gate.
  5167 | D:5      | Found a staircase to the Ecumenical Temple.
  5190 | Temple   | Entered the Ecumenical Temple
  5211 | Temple   | Became a worshipper of Uskayaw the Reveller
  5273 | D:5      | Found a glowing silver altar of Zin.
  5468 | D:5      | Noticed bmack86's ghost (novice MiFi)
  5468 | D:5      | Noticed wormed's ghost (weakling KoDe)
  5499 | D:6      | Noticed Edmund
  5503 | D:6      | Killed Edmund
  5503 | D:6      | Reached * piety under Uskayaw
  5504 | D:6      | Reached skill level 9 in Stealth
  5523 | D:6      | Found a bloodstained altar of Trog.
  5706 | D:6      | Reached ** piety under Uskayaw
  5711 | D:6      | Reached *** piety under Uskayaw
  5773 | D:6      | Reached XP level 9. HP: 55/55 MP: 9/9
  5959 | D:6      | Found a large runed translucent door.
  5959 | D:6      | Noticed flotson's ghost (novice DsDe)
  5960 | D:6      | Found a large runed translucent door.
  5997 | D:6      | Found Kyjaliy's Antique Weapon Emporium.
  6153 | D:6      | Reached **** piety under Uskayaw
  6429 | D:7      | Reached skill level 1 in Invocations
  6756 | D:7      | Noticed Menkaure
  6766 | D:7      | Killed Menkaure
  6973 | D:7      | Found Tofaomny's Armour Boutique.
  7111 | D:7      | Noticed a two-headed ogre
  7120 | D:7      | Killed a two-headed ogre
  7121 | D:7      | Reached skill level 10 in Short Blades
  7314 | D:7      | Found Gejackun's General Store.
  7400 | D:7      | Found a snail-covered altar of Cheibriados.
  7473 | D:7      | Bought the +1 leather armour of the Ten Orbs {rElec rF+
                  | rC+} for 490 gold pieces
  7562 | D:8      | Reached skill level 10 in Stealth
  7562 | D:8      | Reached XP level 10. HP: 61/61 MP: 12/12
  7571 | D:8      | Reached ***** piety under Uskayaw
  7617 | D:8      | Reached skill level 5 in Invocations
  8080 | D:8      | Found the +0 staff of Battle
  8098 | D:8      | Reached skill level 11 in Stealth
  8113 | D:8      | Reached ****** piety under Uskayaw
  8115 | D:8      | Reached XP level 11. HP: 28/68 MP: 14/16
  8658 | D:9      | Found a staircase to the Lair.
  8666 | D:9      | Reached skill level 5 in Shields
  9293 | D:9      | Noticed a centaur warrior
  9627 | D:9      | Found a white marble altar of Elyvilon.
  9678 | Lair:1   | Entered Level 1 of the Lair of Beasts
  9723 | Lair:1   | Noticed an oklob plant
  9731 | Lair:1   | Killed an oklob plant
  9732 | Lair:1   | Reached skill level 12 in Stealth
  9854 | Lair:1   | HP: 3/69 [poisoned by a cane toad]
 10532 | Lair:1   | Reached XP level 12. HP: 49/76 MP: 18/18
 11193 | Lair:2   | Found a transporter.
 11248 | Lair:2   | Found a hole to the Spider Nest.
 11598 | Lair:2   | Found a transporter.
 12051 | Lair:2   | Noticed Sonja
 12055 | Lair:2   | Killed Sonja
 12192 | Lair:3   | Reached skill level 10 in Dodging
 12196 | Lair:3   | Reached skill level 13 in Stealth
 12277 | Lair:3   | Noticed Amaemon
 12283 | Lair:3   | Killed Amaemon
 12897 | Lair:3   | Reached skill level 10 in Fighting
 13067 | Lair:3   | Reached XP level 13. HP: 82/82 MP: 20/20
 13451 | Lair:3   | Found a staircase to the Shoals.
 13919 | Lair:4   | Reached skill level 14 in Stealth
 14175 | Lair:4   | Reached skill level 10 in Invocations
 15488 | Lair:4   | You fall into a shaft and drop 1 floor!
 15488 | Lair:5   | Entered Level 5 of the Lair of Beasts
 15497 | Lair:5   | Noticed a seven-headed hydra
 15502 | Lair:5   | Killed a seven-headed hydra
 16024 | Lair:5   | Reached skill level 15 in Stealth
 16174 | Lair:5   | Found a runed translucent door.
 16288 | Lair:5   | Noticed a five-headed hydra
 16302 | Lair:5   | Killed a five-headed hydra
 16585 | Lair:4   | Reached XP level 14. HP: 90/90 MP: 22/22
 17767 | Lair:5   | Identified the +3 buckler of Vilih Cife {rElec rPois Int+4}
 18440 | Lair:5   | Found a staircase to the Slime Pits.
 18717 | D:10     | Entered Level 10 of the Dungeon
 18982 | D:10     | Found a staircase to the Orcish Mines.
 19292 | D:10     | Reached skill level 16 in Stealth
 19304 | D:10     | Noticed Harold
 19324 | D:10     | Paralysed by Harold for 5 turns
 19341 | D:10     | Killed Harold
 20507 | D:11     | Noticed Erolcha
 20516 | D:11     | Killed Erolcha
 21583 | D:12     | Shot with an arrow by a centaur warrior

Illustrated notes

Levels and vault maps discovered:
D:1:      dpeg_arrival_boxorama, layout_loops_ring, grunt_decor_resistance
D:2:      layout_loops_ring, basic_altar, uniq_jessica
D:3:      layout_basic, hellmonk_ecumenical_altar_lost_god,
          minmay_gold_behind_fungi, grunt_decor_junction
D:4:      layout_basic, uniq_grinder, uniq_natasha, uniq_duvessa
D:5:      layout_basic, zin_academy, minmay_temple_entry_ruins,
          gammafunk_ghost_cemetery
D:6:      layout_cave_pools, lightli_temple_of_fire,
          ebering_ghost_disaster_area, serial_demonic, serial_demonic_f,
          serial_demonic_d, serial_demonic_g, serial_demonic_b, serial_shops,
          shop, kennysheep_big_empty_room, item_on_display_a, uniq_edmund
D:7:      layout_loops_corners, cheibrodos_worm_habitat, serial_shops,
          kennysheep_little_box, shop, minmay_misc_feat_roman, uniq_menkaure
D:8:      layout_rooms, hellmonk_guarded_unrand_staff_of_battle
D:9:      layout_irregular_city, nicolae_elyvilon_temple_path,
          due_lair_maze_entry_diamond, wad_dig_loot
D:10:     nicolae_cairo_tiling_large, layout_loops_corners, due_unseen_surprise,
          uniq_harold
D:11:     layout_loops_ring, uniq_erolcha
D:12:     evilmike_diamond_2, layout_loops_ring
Temple:   nicolae_temple_no_exploring_needed
Lair:1:   layout_big_grid, serial_rivers, chequers_serial_rivers_small_b,
          chequers_serial_rivers_micro_b, chequers_serial_rivers_micro_c,
          chequers_serial_rivers_room_b, chequers_serial_rivers_micro_c,
          chequers_serial_rivers_small_3, chequers_serial_rivers_room_a
Lair:2:   layout_cave_pods, spider_nest_entry_web_field, nzn_ghost_randoct,
          roderic_batcave, st_stairs_8, uniq_sonja
Lair:3:   layout_regular_city, minmay_shoals_entry_hut, uniq_amaemon
Lair:4:   layout_regular_city, serial_bayou_shore_a
Lair:5:   hangedman_lair_tendril_chambers, layout_gridlike, slime_entry_2,
          minivault_27, chequers_serial_rivers_marsh, kilobyte_rumbling_trees,
          infiniplex_staircase_pool_2, lemuel_fruit_tree

Skill      XL: |  1  2  3  4  5  6  7  8  9 10 11 12 13 14 |
---------------+-------------------------------------------+-----
Short Blades   | 4 5 6 7 8 10 | 10.0
Dodging        | 3 4 5 6 8 9 10 12 13 | 13.3
Stealth        | 7 8 9 10 11 12 13 15 16 | 16.4
Fighting       | 4 5 6 7 9 10 11 12 | 12.4
Shields        | 1 2 3 4 5 6 7 8 |  8.9
Invocations    | 3 6 8 9 10 12 | 12.0

Action                   |  1- 3 |  4- 6 |  7- 9 | 10-12 | 13-15 || total
-------------------------+-------+-------+-------+-------+-------++-------
Melee: Short sword       |     3 |   106 |   216 |    98 |       ||   423
       Dagger            |       |       |       |   408 |   748 ||  1156
Throw: Dart              |       |       |     2 |       |     5 ||     7
       Throwing net      |       |       |       |       |     2 ||     2
Invok: Grand Finale      |       |       |       |       |     1 ||     1
Evoke: Wand              |       |       |     3 |       |     4 ||     7
  Use: Scroll            |       |     7 |     8 |     6 |     7 ||    28
       Potion            |       |     1 |       |     1 |     1 ||     3
 Stab: Sleeping          |     1 |    29 |    17 |    41 |    42 ||   130
       Distracted        |       |       |     2 |     4 |     2 ||     8
       Paralysed         |       |       |     7 |    30 |    38 ||    75
       Held in net/web   |       |       |       |       |     1 ||     1
Armor: Leather armour    |     1 |     5 |    17 |    76 |    64 ||   163
Dodge: Dodged            |     2 |    35 |    80 |   280 |   401 ||   798
Block: Buckler           |       |     3 |    39 |   135 |   180 ||   357

Table legend: (Time is in decaauts)
 A = Elapsed time spent in this place.
 B = Non-inter-level travel time spent in this place.
 C = Inter-level travel time spent in this place.
 D = Time resting spent in this place.
 E = Time spent auto-exploring this place.
 F = Levels seen in this place.
 G = Mean time per level.
                   A        B        C        D        E       F      G
               +--------+--------+--------+--------+--------+-----+--------+
         Total |  20948 |  19907 |   1041 |     41 |  17035 |  18 | 1163.8 |
       Dungeon |  12365 |  11764 |    601 |     41 |  10180 |  12 | 1030.4 |
        Temple |     28 |     22 |      6 |      0 |      8 |   1 |   28.0 |
          Lair |   8554 |   8121 |    433 |      0 |   6846 |   5 | 1710.8 |
               +--------+--------+--------+--------+--------+-----+--------+

Top non-repeatable levels by time:
  Lair:3: 2535 daAuts
  Lair:5: 2034 daAuts
  Lair:4: 1695 daAuts
     D:4: 1559 daAuts
    D:10: 1354 daAuts
     D:9: 1324 daAuts
  Lair:1: 1270 daAuts
     D:7: 1203 daAuts
     D:3: 1057 daAuts
  Lair:2: 1018 daAuts
     D:5: 999 daAuts
     D:8: 917 daAuts
    D:11: 911 daAuts
     D:2: 890 daAuts
     D:1: 871 daAuts
